 Dungeon Crawl Stone Soup version 0.29.1-15-g9cfb28693d (webtiles) character file.

Game seed: 3725343498723758262

503 Heoruswealwe the Magician (level 6, -4/32 HPs)
             Began as a Deep Elf Earth Elementalist on Apr 3, 2023.
             Was an Initiate of Gozag.
             Slain by Sedotto's ghost (5 damage)
             ... on level 4 of the Dungeon.
             The game lasted 00:22:26 (2755 turns).

Heoruswealwe the Magician (DEEE)                    Turns: 2755, Time: 00:22:27

Health: -4/32      AC:  2    Str:  5    XL:     6   Next: 96%
Magic:  11/18      EV: 12    Int: 22    God:    Gozag
Gold:   670        SH:  0    Dex: 15    Spells: 13/19 levels left

rFire   . . .      SeeInvis .   (no weapon)
rCold   . . .      Faith    .   (no shield)
rNeg    . . .      Spirit   .   a - +0 robe
rPois   .          Reflect  .   (no helmet)
rElec   .          Harm     .   (no cloak)
rCorr   .          Rampage  .   (no gloves)
Will    .....                   (no boots)
Stlth   ++........              (no amulet)
HPRegen 0.10/turn               (no ring)
MPRegen 0.16/turn               (no ring)

@: gold aura
A: no striking features
a: Renounce Religion, Potion Petition, Call Merchant, Bribe Branch


You were on level 4 of the Dungeon.
You worshipped Gozag.
Gozag was pleased with you.
You visited 1 branch of the dungeon, and saw 4 of its levels.

You collected 670 gold pieces.

Inventory:

Armour
 a - a +0 robe (worn)
 f - a +0 robe
 l - a +0 robe
Wands
 d - a wand of light (10)
Scrolls
 i - 2 scrolls of teleportation
 k - a scroll of fear {unknown}
Potions
 b - a potion of magic
 c - 2 potions of heal wounds
 e - a potion of ambrosia {unknown}
 g - 3 potions of curing
 h - 3 potions of haste
 j - a potion of might


   Skills:
 - Level 2.4 Dodging
 - Level 2.4 Stealth
 + Level 7.4 Spellcasting
 - Level 1.1 Transmutations
 + Level 6.5 Earth Magic


You had 13 spell levels left.
You knew the following spells:

 Your Spells              Type           Power      Damage    Failure   Level
a - Sandblast             Erth           74%        2d16      1%          1
b - Stone Arrow           Conj/Erth      44%        3d9       6%          3
z - Passwall              Tmut/Erth      20%        N/A       2%          2

Your spell library contained the following spells:

 Spells                   Type           Power      Damage    Failure   Level
 Petrify                  Tmut/Erth      25%        N/A       16%         4


Dungeon Overview and Level Annotations

Branches:
Dungeon (4/15)
 Temple: D:4-7

Altars:
Gozag

Annotations:
D:4 1 transporter, Sedotto's ghost, amateur DsBe


Message History

Sedotto's ghost screams in joy, "As in life, so in death: Kill!
Kill!!
Kill!!!"
Sedotto's ghost hits you!
* * * LOW HITPOINT WARNING * * *
Casting: Sandblast (safe; 1% risk of failure)
Confirm with . or Enter, or press ? or * to list all spells.
Aiming: Sandblast (safe; 1% risk of failure)
Press: ? - help, Shift-Dir - straight line, f - Sedotto's ghost
Aim: Sedotto's ghost (lightly damaged, 88% to hit)
The blast of sand hits Sedotto's ghost!
Sedotto's ghost is moderately damaged.
Sedotto's ghost hits you.
* * * LOW HITPOINT WARNING * * *
Casting: Sandblast (safe; 1% risk of failure)
Confirm with . or Enter, or press ? or * to list all spells.
Aiming: Sandblast (safe; 1% risk of failure)
Press: ? - help, Shift-Dir - straight line, f/p - Sedotto's ghost
Aim: Sedotto's ghost (moderately damaged, 88% to hit)
The blast of sand hits Sedotto's ghost!
Sedotto's ghost is heavily damaged.
Sedotto's ghost closely misses you. Sedotto's ghost misses you.
Casting: Sandblast (safe; 1% risk of failure)
Confirm with . or Enter, or press ? or * to list all spells.
Aiming: Sandblast (safe; 1% risk of failure)
Press: ? - help, Shift-Dir - straight line, f/p - Sedotto's ghost
Aim: Sedotto's ghost (heavily damaged, 88% to hit)
The blast of sand misses Sedotto's ghost.
Sedotto's ghost hits you.
* * * LOW HITPOINT WARNING * * *
Casting: Sandblast (safe; 1% risk of failure)
Confirm with . or Enter, or press ? or * to list all spells.
Aiming: Sandblast (safe; 1% risk of failure)
Press: ? - help, Shift-Dir - straight line, f/p - Sedotto's ghost
Aim: Sedotto's ghost (heavily damaged, 88% to hit)
The blast of sand hits Sedotto's ghost but does no damage.
Sedotto's ghost is heavily damaged.
Sedotto's ghost hits you.
* * * LOW HITPOINT WARNING * * *
Sedotto's ghost hits you.
You die...
Your body crumbles into a pile of gold.

#..(.........#########.#
#.##.###.....# ####.# ####.##.#
##...########...#####
..##.##.#####..#......#.......#
#....##........#.#..#.#...###.#
..###########.##..##..#...# #.#
.## ##'##.. #..#...###.# .#
##...#.#..#[#©....#.# .####
##...[#@W...(#...#.#.# .##.##
##.....#.#..#.#©.##.#.###
.....####......#..##..#.........#
........'......#..##..#..........
.....####......#.#$.#$#..##.###)#
..#.## ##.....#©.....#..##.# #)#
..#.# ##....########... # #.#
.##.# ##...# #.># #.# ....# ##'##
#.!# #.#


You could see Sedotto's ghost.

Vanquished Creatures
  An ogre (D:4)
  A black bear (D:4)
  A phantom (D:4)
  2 hounds (D:4)
  A hound zombie (D:2)
  4 gnolls
  5 adders
  A white imp (D:3)
  A dart slug (D:4)
  9 orcs
  5 ball pythons
  4 bats
  A bat skeleton (D:2)
  A bat zombie (D:2)
  10 endoplasms
  2 giant cockroaches
  5 goblins
  8 hobgoblins
  2 jackals (D:2)
  5 kobolds
  3 quokkas
  5 ball python skeletons (D:2)
  A ball python zombie (D:2)
  4 frilled lizards
  11 rats
93 creatures vanquished.

Vanquished Creatures (others)
  15 withered plants (D:2)
15 creatures vanquished.

Grand Total: 108 creatures vanquished

Notes
Turn   | Place    | Note
-------+----------+-------------------------------------------
     0 | D:1      | Heoruswealwe the Deep Elf Earth Elementalist began the
                  | quest for the Orb.
     0 | D:1      | Reached XP level 1. HP: 10/10 MP: 6/6
   117 | D:1      | Found a faded altar of an unknown god.
   130 | D:1      | Reached XP level 2. HP: 15/15 MP: 5/8
   133 | D:1      | Learned a level 2 spell: Passwall
   186 | D:1      | Prayed at the altar of an unknown god.
   186 | D:1      | Became a worshipper of Gozag Ym Sagoz the Greedy
   431 | D:1      | Reached skill level 4 in Spellcasting
   526 | D:1      | Reached XP level 3. HP: 18/19 MP: 8/10
   530 | D:1      | Learned a level 3 spell: Stone Arrow
  1193 | D:2      | Reached XP level 4. HP: 24/24 MP: 8/12
  1976 | D:3      | Reached skill level 5 in Spellcasting
  2227 | D:3      | Reached skill level 5 in Earth Magic
  2260 | D:3      | Reached XP level 5. HP: 28/28 MP: 7/14
  2416 | D:4      | Reached skill level 6 in Spellcasting
  2580 | D:4      | Noticed a black bear
  2584 | D:4      | Killed a black bear
  2585 | D:4      | Reached XP level 6. HP: 23/32 MP: 13/17
  2707 | D:4      | Reached skill level 7 in Spellcasting
  2728 | D:4      | Found a transporter.
  2729 | D:4      | Noticed Sedotto's ghost (amateur DsBe)
  2746 | D:4      | Found a transporter.
  2755 | D:4      | HP: 1/32 [Sedotto's ghost (2)]
  2755 | D:4      | Slain by Sedotto's ghost

Illustrated notes

Levels and vault maps discovered:
D:1:      dpeg_arrival_ratfight, layout_basic,
          hellmonk_ecumenical_altar_crossroads, minivault_11,
          minmay_tree_intersection
D:2:      layout_basic, serial_undead, serial_undead_b, serial_undead_f,
          serial_undead_c, serial_undead_f, serial_undead_b, serial_undead_d,
          serial_undead_a, nicolae_elevator_lobby_plus
D:3:      layout_rooms
D:4:      layout_loops_corners, gammafunk_ghost_smash

Skill      XL: |  1  2  3  4  5  6 |
---------------+-------------------+-----
Spellcasting   | 4 5 6 7 |  7.4
Earth Magic    | 4 5 6 |  6.5
Dodging        | |  2.4
Stealth        | |  2.4
Transmutations | |  1.1

Action                   |  1- 3 |  4- 6 || total
-------------------------+-------+-------++-------
Melee: Unarmed           |    63 |     2 ||    65
       Punch             |     1 |       ||     1
 Cast: Sandblast         |    57 |    82 ||   139
  Use: Scroll            |       |     8 ||     8
       Potion            |       |     6 ||     6
Armor: Robe              |       |     5 ||     5
Dodge: Dodged            |     4 |    20 ||    24
